 Dungeon Crawl Stone Soup version 0.27.1-4-g1640c2035a (webtiles) character file.

Game seed: 12282537084316758813

35 ABBCCCDDDD the Sneak (level 3, -2/33 HPs)
             Began as a Hill Orc Delver on Nov 1, 2021.
             Slain by a necrophage (5 damage)
             ... on level 6 of the Dungeon.
             The game lasted 00:01:32 (438 turns).

ABBCCCDDDD the Sneak (Hill Orc Delver)               Turns: 438, Time: 00:01:32

Health: -2/33      AC:  3    Str: 15    XL:     3   Next: 35%
Magic:  3/3        EV: 11    Int: 10    God:
Gold:   0          SH:  0    Dex: 12    Spells: 2/2 levels left

rFire    . . .     SeeInvis .   a - +0 hand axe
rCold    . . .     Faith    .   (no shield)
rNeg     . . .     Spirit   .   b - +0 leather armour
rPois    .         Reflect  .   (no helmet)
rElec    .         Harm     .   (no cloak)
rCorr    .         Rampage  .   (no gloves)
Will     .....                  (no boots)
Stlth    ++........             (no amulet)
HPRegen  0.11/turn              (no ring)
MPRegen  0.08/turn              (no ring)

@: no status effects
A: no striking features
a: no special abilities


You were on level 6 of the Dungeon.
You visited 1 branch of the dungeon, and saw 2 of its levels.

Inventory:

Hand Weapons
 a - a +0 hand axe (weapon)
Armour
 b - a +0 leather armour (worn)
Scrolls
 c - a scroll of fog
 d - a scroll of magic mapping
Potions
 f - a potion of haste


   Skills:
 + Level 4.1 Fighting
 * Level 3.9 Axes
 + Level 1.3 Armour
 - Level 1.5 Dodging
 - Level 4.1 Stealth


You had 2 spell levels left.
You didn't know any spells.
Your spell library was empty.

Dungeon Overview and Level Annotations

Branches:
Dungeon (6/15)
 Temple: D:4-7

Altars:

Annotations:
D:6 Dowan, Duvessa, Sigmund


Message History

The rock shatters into small pieces.
Something hits you but does no damage.
A sky beast appears from thin air!
Reactivating autopickup.
Found 16 gold pieces.
Found a glowing hunting sling.
An ice beast comes into view.
A phantom comes into view.
The sky beast flickers out of sight!
Deactivating autopickup; reactivate with Ctrl-A.
As you read the scroll of fear, it crumbles to dust.
You assume a fearsome visage.
The ogre looks frightened!
The necrophage is unaffected.
The phantom is unaffected.
Aiming: Dig
Press: ? - help, Shift-Dir - straight line A rock wall.
The rock shatters into small pieces.
The now-empty wand crumbles to dust.
The phantom hits you.
* * * LOW HITPOINT WARNING * * *
The phantom blinks!
You blink.
The centaur zombie closely misses you.
The centaur zombie kicks you but does no damage.
The phantom barely misses you. The centaur zombie misses you.
The centaur zombie barely misses you. The necrophage closely misses you.
The centaur zombie hits you.
* * * LOW HITPOINT WARNING * * *
The centaur zombie kicks you but does no damage.
The centaur zombie hits you but does no damage.
The centaur zombie closely misses you. The phantom hits you.
* * * LOW HITPOINT WARNING * * *
The phantom blinks!
You blink.
You see here a +1 vorpal hunting sling.
The phantom hits you but does no damage.
The ogre seems to regain its courage.
You hit the necrophage.
The necrophage is moderately damaged.
The necrophage hits you but does no damage.
You hit the necrophage but do no damage.
The necrophage is moderately damaged.
The necrophage hits you.
You die...

### ##.##
##...###########
#.....Wn@..O...#
##..Y#########.#
##.##########.#
#.###...OZ...#
#######
#.##O#######.#
#.O...O #.#.##
#.# #.#####
#.###.###YZ##
#O# #.#
#...ยง.....# #.#
#.#
#.######....#
#Z# #.#


You could see a phantom, an ice beast, an ogre and a necrophage.

Levels and vault maps discovered:
D:5:      layout_rooms, uniq_prince_ribbit1, uniq_blork_the_orc
D:6:      layout_loops_ring, uniq_sigmund, uniq_duvessa

Notes
Turn   | Place    | Note
-------+----------+-------------------------------------------
     0 | D:5      | ABBCCCDDDD the Hill Orc Delver began the quest for the Orb.
     0 | D:5      | Reached XP level 1. HP: 19/19 MP: 1/1
    13 | D:5      | Noticed an orc priest
    13 | D:5      | Noticed a sky beast
    13 | D:5      | Noticed an orc priest
    14 | D:5      | Noticed an orc wizard
   234 | D:6      | Noticed Duvessa
   234 | D:6      | Noticed Dowan
   251 | D:6      | Noticed a howler monkey
   263 | D:6      | Noticed an ogre
   266 | D:6      | Killed a howler monkey
   267 | D:6      | Reached skill level 1 in Armour
   267 | D:6      | Reached XP level 2. HP: 2/27 MP: 2/2
   267 | D:6      | Reached XP level 3. HP: 3/33 MP: 3/3
   292 | D:6      | Noticed a necrophage
   352 | D:6      | Noticed Sigmund
   399 | D:6      | Noticed a sky beast
   418 | D:6      | Noticed an ice beast
   419 | D:6      | Noticed a phantom
   438 | D:6      | Slain by a necrophage

Table legend: (Time is in decaauts)
 A = Elapsed time spent in this place.
 B = Non-inter-level travel time spent in this place.
 C = Inter-level travel time spent in this place.
 D = Time resting spent in this place.
 E = Time spent auto-exploring this place.
 F = Levels seen in this place.
 G = Mean time per level.
                   A        B        C        D        E       F      G
               +--------+--------+--------+--------+--------+-----+--------+
         Total |    439 |    439 |      0 |    193 |     21 |   2 |  219.5 |
       Dungeon |    439 |    439 |      0 |    193 |     21 |   2 |  219.5 |
               +--------+--------+--------+--------+--------+-----+--------+

Top non-repeatable levels by time:
     D:6: 416 daAuts
     D:5: 23 daAuts

Table legend:
 A = Kills in this place as a percentage of kills in entire the game.
 B = Kills by you in this place as a percentage of kills by you in the entire game.
 C = Kills by friends in this place as a percentage of kills by friends in the entire game.
 D = Other kills in this place as a percentage of other kills in the entire game.
 E = Experience gained in this place as a percentage of experience gained in the entire game.
 F = Experience gained in this place divided by the number of levels of this place that you have seen.
                   A       B       C       D       E      F
               +-------+-------+-------+-------+-------+----------------------
         Total | 100.0 | 100.0 |   N/A |   N/A | 100.0 |  25.5
       Dungeon | 100.0 | 100.0 |   N/A |   N/A | 100.0 |  25.5
               +-------+-------+-------+-------+-------+----------------------

Action                   || total
-------------------------++-------
Melee: Hand axe          ||    12
Evoke: Wand              ||     3
  Use: Scroll            ||     1
Armor: Leather armour    ||     7
Dodge: Dodged            ||    12

Vanquished Creatures
  A howler monkey (D:6)
1 creature vanquished.
